 Dungeon Crawl Stone Soup version 0.27.1 (webtiles) character file.

Game seed: 13476615474432220134

67 unlimited1921 the Sneak (level 4, 0/24 HPs)
             Began as a Kobold Enchanter on Aug 22, 2021.
             Slain by a gnoll (4 damage)
             ... on level 2 of the Dungeon.
             The game lasted 00:29:24 (4788 turns).

unlimited1921 the Sneak (Kobold Enchanter)          Turns: 4788, Time: 00:29:25

Health: 0/24       AC:  5    Str:  6    XL:     4   Next: 38%
Magic:  8/8        EV: 15    Int: 16    God:
Gold:   72         SH:  0    Dex: 15    Spells: 7/8 levels left

rFire    . . .     SeeInvis .   a - +1 dagger
rCold    . . .     Faith    .   (shield restricted)
rNeg     . . .     Spirit   .   b - +0 robe
rPois    .         Reflect  .   (no helmet)
rElec    .         Harm     .   (no cloak)
rCorr    .         Rampage  .   (no gloves)
Will     .....                  f - +2 pair of boots
Stlth    ++++......             (no amulet)
HPRegen  0.08/turn              (no ring)
MPRegen  0.11/turn              (no ring)

@: about to teleport
A: small, no large weapons, nightstalker 3
a: no special abilities


You were on level 2 of the Dungeon.
You visited 1 branch of the dungeon, and saw 3 of its levels.

You collected 72 gold pieces.

Inventory:

Hand Weapons
 a - a +1 dagger (weapon)
 d - a +0 short sword
 k - a +0 long sword
 l - a +0 hand axe
Missiles
 e - 9 boomerangs (quivered)
 h - 38 arrows
 p - 16 stones
Armour
 b - a +0 robe (worn)
 f - a +2 pair of boots (worn)
 m - a +0 ring mail
Magical Staves
 o - a staff of air
Scrolls
 c - a scroll of fog {unknown}
 i - 2 scrolls of identify {unknown}
 q - a scroll of enchant weapon {unknown}
Potions
 g - a potion of might {unknown}
 j - a potion of curing {unknown}


   Skills:
 * Level 0.8 Fighting
 - Level 1.7 Short Blades
 - Level 1.1 Throwing
 + Level 2.7 Dodging
 * Level 4.8 Stealth
 * Level 2.8 Spellcasting
 * Level 3.3 Hexes
 * Level 0.4 Air Magic


You had 7 spell levels left.
You knew the following spells:

 Your Spells              Type           Power      Damage    Failure   Level
a - Corona                Hex            14%        N/A       4%          1

Your spell library contained the following spells:

 Spells                   Type           Power      Damage    Failure   Level
 Ensorcelled Hibernation  Hex/Ice        14%        N/A       14%         2
 Confusing Touch          Hex            13%        N/A       14%         3
 Tukima's Dance           Hex            13%        N/A       14%         3
 Summon Small Mammal      Summ           8%         N/A       19%         1
 Dazzling Flash           Conj/Hex       14%        N/A       28%         3
 Summon Guardian Golem    Hex/Summ       7%         N/A       28%         3
 Call Canine Familiar     Summ           2%         N/A       50%         3
 Silence                  Hex/Air        4%         N/A       94%         5
 Agony                    Necr           2%         N/A       99%         5


Dungeon Overview and Level Annotations

Branches:
Dungeon (3/15)

Altars:

Annotations:
D:3 Robin


Innate Abilities, Weirdness & Mutations

You are small and have problems with some larger weapons.
You are completely attuned to the shadows.


Message History

A hobgoblin comes into view.
A gnoll comes into view. It is wielding a +0 flail.
The goblin hits you but does no damage.
The goblin unwields a +0 hunting sling.
The goblin wields a +0 club.
The goblin closely misses you. The goblin closely misses you.
Robin points. "Kill!"
The gnoll hits you with a +0 flail. The goblin hits you but does no damage.
You climb upwards.
There is a stone staircase leading down here.
You closely miss the gnoll. The goblin hits you but does no damage.
The gnoll hits you but does no damage. The goblin barely misses you.
You hit the gnoll but do no damage. The goblin hits you with a +0 club.
You closely miss the gnoll. The gnoll hits you with a +0 flail!
The goblin hits you with a +0 club.
* * * LOW HITPOINT WARNING * * *
The goblin hits you but does no damage.
You are too injured to fight recklessly!
You are too injured to fight recklessly!
You are too injured to fight recklessly!
The gnoll barely misses you. The goblin closely misses you.
The goblin completely misses you.
You climb downwards.
Level annotation: Robin The frilled lizard bites you but does no damage.
The hobgoblin closely misses you. The goblin completely misses you.
The frilled lizard barely misses you.
There is a stone staircase leading up here.
Okay, then.
The goblin hits you with a +0 club.
* * * LOW HITPOINT WARNING * * *
The gnoll barely misses you. The hobgoblin barely misses you.
The goblin completely misses you. The goblin closely misses you.
The frilled lizard bites you but does no damage.
You climb upwards.
The goblin misses you. x2
There is a stone staircase leading down, spattered with blood here.
Unknown command.
As you read the scroll labelled ULU RELLIUDET, it crumbles to dust.
You feel strangely unstable.
It was a scroll of teleportation.
The goblin misses you. The gnoll hits you with a +0 flail.
You die...

......#........#.####.######.# #
......#........#.# #........####
#############.##.# #............
#..#.# #........#### #########
##.#.# #.......<.... #.......#
#.g.# #.########### #....†..#
##gg# #......#..... #.......#
####gg# ######.#.#...
#.......####..lg@# #.#.#...
#....[..#.....#### #.#.#...
..............# #.#.....
..............##### #.#.....
..†...............# #.#.....
.............#.##.# #.#.....
.............#.##.##### #.#.....
...#########..........####.#.####
...# #...............#÷#


You could see a gnoll, a hobgoblin, 4 goblins and a frilled lizard.

Vanquished Creatures
  An ufetubus (D:2)
  A worm (D:2)
  A dart slug (D:1)
  An endoplasm (D:2)
  5 giant cockroaches
  4 goblins (D:1)
  7 hobgoblins
  5 jackals (D:2)
  5 kobolds
  2 quokkas
  2 ball pythons
  7 bats
  4 frilled lizards
  7 rats
52 creatures vanquished.

Notes
Turn   | Place    | Note
-------+----------+-------------------------------------------
     0 | D:1      | unlimited1921 the Kobold Enchanter began the quest for the
                  | Orb.
     0 | D:1      | Reached XP level 1. HP: 10/10 MP: 3/3
   219 | D:1      | Reached XP level 2. HP: 9/15 MP: 5/5
   502 | D:1      | Found a faded altar of an unknown god.
   958 | D:1      | Reached XP level 3. HP: 19/19 MP: 6/6
  1567 | D:1      | You fall into a shaft and drop 1 floor!
  3347 | D:2      | Reached skill level 1 in Throwing
  3347 | D:2      | Reached XP level 4. HP: 14/24 MP: 8/8
  4776 | D:3      | Noticed Robin
  4788 | D:2      | Slain by a gnoll

Illustrated notes

Levels and vault maps discovered:
D:1:      elethiomel_arrival_shortcut, layout_basic, serial_co_window_serial,
          co_window_corner_a, co_window_paths_a, co_window_paths_a,
          co_window_corner_a, co_window_paths_a, co_window_of_opportunity_a,
          co_window_paths_b, co_window_2corner, co_window_corner_ca,
          co_window_broadway_a, co_window_4corner_a, glass_columns_a,
          glass_columns_a, glass_columns_b,
          shapermc_ecumenical_altar_totnotflames
D:2:      layout_basic
D:3:      corexii_shack_village, layout_rooms, nicolae_sif_muna_condensation,
          uniq_robin, uniq_ijyb

Skill      XL: |  1  2  3 |
---------------+----------+-----
Throwing       | 1 |  1.1
Fighting       | |  0.8
Short Blades   | |  1.7
Dodging        | |  2.7
Stealth        | |  4.8
Spellcasting   | |  2.8
Hexes          | |  3.3
Air Magic      | |  0.4

Action                   |  1- 3 |  4- 6 || total
-------------------------+-------+-------++-------
Melee: Dagger            |   173 |    77 ||   250
Throw: Boomerang         |    68 |    11 ||    79
  Use: Scroll            |       |     1 ||     1
 Stab: Sleeping          |    13 |     2 ||    15
Armor: Robe              |    50 |    26 ||    76
Dodge: Dodged            |   129 |    61 ||   190
